 Dungeon Crawl Stone Soup version 0.30-a0-1176-gcdfb0321a8 (webtiles) character file.

Game seed: 7261142921322203056

6 Morbidden the Sneak (level 1, 10/10 HPs)
             Began as a Spriggan Brigand on Apr 30, 2023.
             Quit the game on level 1 of the Dungeon.
             The game lasted 00:00:16 (91 turns).

Morbidden the Sneak (Spriggan Brigand)                Turns: 91, Time: 00:00:17

Health: 10/10      AC:  3    Str:  7    XL:     1   Next: 75%
Magic:  2/2        EV: 16    Int: 12    God:
Gold:   0          SH:  0    Dex: 16    Spells: 0/0 levels left

rFire   . . .        a - +2 dagger
rCold   . . .        (no shield)
rNeg    . . .        b - +0 robe
rPois   .            (helmet restricted)
rElec   .            c - +0 cloak
rCorr   .            (gloves unavailable)
SInv    +            (boots unavailable)
Will    .....        (no amulet)
Stlth   +++          (no ring)
HPRegen 0.21/turn    (no ring)
MPRegen 0.08/turn

%: no passive effects
@: very quick
A: very small, no large weapons, unfitting armour, see invisible, speed 3
a: no special abilities


You were on level 1 of the Dungeon.
You visited 1 branch of the dungeon, and saw 1 of its levels.

Inventory:

Hand Weapons
 a - a +2 dagger (weapon)
Missiles
 d - 9 poisoned darts (quivered)
 e - 3 curare-tipped darts
Armour
 b - a +0 robe (worn)
 c - a +0 cloak (worn)
Scrolls
 g - a scroll of immolation {unknown}
Potions
 f - a potion of magic {unknown}


   Skills:
 + Level 1.5 Fighting
 + Level 2.3 Short Blades
 + Level 2.0 Throwing
 + Level 1.3 Dodging
 + Level 6.2 Stealth


You couldn't memorise any spells.
You didn't know any spells.
Your spell library was empty.

Dungeon Overview and Level Annotations

Branches:
Dungeon (1/15)

Altars:


Innate Abilities, Weirdness & Mutations

You are very small and have problems with some larger weapons.
You are too small for most types of armour.
You have supernaturally acute eyesight. (SInv)
You cover ground extremely quickly. (Speed+++)


Message History

No target in view!
No target in view!
No target in view!
No target in view!
No target in view!
No target in view!
No target in view!
No target in view!
No target in view!
No target in view!
No target in view!
HP restored.
f - a black potion No target in view!
g - a scroll labelled PAIMUI QYPEERR Unknown command.
Found a ring mail.
A bat comes into view.
Found a stone staircase leading down.
You see here a +0 pair of gloves.
h - a +0 pair of gloves You drop a +0 pair of gloves.
The bat hits you.
You barely miss the bat. The bat hits you but does no damage.
You hit the bat but do no damage. The bat hits you but does no damage.
You completely miss the bat. The bat closely misses you.
The bat closely misses you.
You barely miss the bat. The bat completely misses you. The bat misses you.
You hit the bat.
The bat is heavily wounded.
The bat misses you. The bat hits you but does no damage.
You miss the bat.
The bat is heavily wounded.
The bat closely misses you. The bat closely misses you.
You hit the bat.
You kill the bat!
No target in view!
No target in view!
Are you sure you want to abandon this character and quit the game? (Confirm with "yes".)

####### ##### #.....#
#.... # #.....#######...
#.######...............
#........[####......#.#
.#...[!.......#...(?.#.#
...........##........#.##
....>...@................
.........................
##....####.##....#####.##
#.... #.......# #.#
...... +....########.#
###### #......##.....#
+......##.....##
#..)...##.......
#......##.......


There were no monsters in sight!

Vanquished Creatures
  A dart slug (D:1)
  A bat (D:1)
  A giant cockroach (D:1)
  A goblin (D:1)
4 creatures vanquished.

Notes
Turn   | Place    | Note
-------+----------+-------------------------------------------
     0 | D:1      | Morbidden the Spriggan Brigand began the quest for the Orb.
     0 | D:1      | Reached XP level 1. HP: 10/10 MP: 2/2
    40 | D:1      | Reached skill level 6 in Stealth
    91 | D:1      | Quit the game

Illustrated notes

Levels and vault maps discovered:
D:1:      dpeg_arrival_radiant, layout_basic, serial_shops, nicolae_square_shop

Skill      XL: |  1 |
---------------+----+-----
Stealth        | 6 |  6.2
Fighting       | |  1.5
Short Blades   | |  2.3
Throwing       | |  2.0
Dodging        | |  1.3

Action                     || total
---------------------------++-------
  Melee: Dagger            ||    23
 Armour: Robe              ||     4
  Dodge: Dodged            ||    17

Table legend: (Time is in decaauts)
 A = Elapsed time spent in this place.
 B = Non-inter-level travel time spent in this place.
 C = Inter-level travel time spent in this place.
 D = Time resting spent in this place.
 E = Time spent auto-exploring this place.
 F = Levels seen in this place.
 G = Mean time per level.
                   A        B        C        D        E       F      G
               +--------+--------+--------+--------+--------+-----+--------+
         Total |     64 |     64 |      0 |      0 |     25 |   1 |   64.0 |
       Dungeon |     64 |     64 |      0 |      0 |     25 |   1 |   64.0 |
               +--------+--------+--------+--------+--------+-----+--------+

Top non-repeatable levels by time:
     D:1: 64 daAuts
